 Dungeon Crawl Stone Soup version 0.30-a0-394-g3e4acdb0ae (webtiles) character file.

Game seed: 7432358987966227693

147 zishaf the Magician (level 5, -6/40 HPs)
             Began as a Djinni Venom Mage on Dec 6, 2022.
             Mangled by a mummy (13 damage)
             ... in an ossuary.
             The game lasted 00:03:38 (2553 turns).

zishaf the Magician (Djinni Venom Mage)             Turns: 2553, Time: 00:03:38

Health: -6/40      AC: 10    Str:  7    XL:     5   Next: 54%
Gold:   214        EV: 12    Int: 18    God:
                   SH:  0    Dex: 14

rFire   + + .      SeeInvis .    n - +2 dagger (protect)
rCold   x . .      Faith    .    (no shield)
rNeg    . . .      Spirit   .    a - +1 robe
rPois   ∞          Reflect  .    (no helmet)
rElec   .          Harm     .    (no cloak)
rCorr   .          Rampage  .    (no gloves)
Will    .....                    (boots unavailable)
Stlth   ++........               e - amulet of regeneration
HPRegen 1.06/turn                (no ring)
MPRegen 0.00/turn                (no ring)

@: brilliant, under a protective aura, attractive, flying
A: sickness immunity, fire resistance 2, cold vulnerability 1, float, innate
caster, HP casting, extra vitality 1
a: no special abilities


You were in an ossuary.
You visited 1 branch of the dungeon, and saw 4 of its levels.
You also visited: Ossuary.

You collected 214 gold pieces.

Inventory:

Hand Weapons
 n - a +2 dagger of protection (weapon)
Armour
 a - a +1 robe (worn)
Jewellery
 e - an amulet of regeneration (around neck)
Wands
 k - a wand of polymorph (6)
 l - a wand of paralysis (5)
 q - a wand of flame (6)
Scrolls
 c - a scroll of vulnerability
 d - 2 scrolls of teleportation
 g - a scroll of poison
 r - a scroll of immolation
Potions
 f - 2 potions of curing
 h - a potion of brilliance
 i - a potion of flight {unknown}
 j - a potion of attraction
 o - a potion of haste {unknown}
 p - a potion of resistance {unknown}
 u - a potion of cancellation {unknown}


   Skills:
 + Level 3.2 Fighting
 - Level 2.1 Dodging
 - Level 1.5 Stealth
 + Level 3.6 Spellcasting


You couldn't memorise any spells.
You knew the following spells:

 Your Spells              Type           Power      Damage    Failure   Level
a - Sting                 Tmut/Pois      96%        1d7       3%          1
b - Poisonous Vapours     Pois/Air       48%        N/A       5%          2
c - Kiss of Death         Conj/Necr      96%        2d12      3%          1
z - Mephitic Cloud        Conj/Pois/Air  24%        N/A       11%         3
A - Olgreb's Toxic Radia  Pois           24%        N/A       34%         4
B - Blink                 Tloc           48%        N/A       5%          2
Your spell library was empty.

Dungeon Overview and Level Annotations

Branches:
Dungeon (4/15)            Ossuary (1/1)
 Temple: D:4-7

Altars:
Fedhas

Shops:
D:3 [


Innate Abilities, Weirdness & Mutations

You are immune to sickness and miasma.
You are immune to poison.
Your flesh is very heat resistant. (rF++)
You are vulnerable to cold. (rC-)
You float through the air rather than walking.
You learn spells naturally, not from books.
Your magical power is your life essence.
You have superior vitality. (+4 MHP)


Message History

You barely miss the mummy.
The mummy is severely damaged.
The killer bee zombie hits you but does no damage.
The mummy barely misses you.
You barely miss the mummy.
The mummy is severely damaged.
The mummy hits you!
* * * LOW HITPOINT WARNING * * *
You hit the mummy.
The mummy is almost destroyed.
You hit the mummy.
The mummy is almost destroyed.
The mummy hits you but does no damage. The mummy closely misses you.
You hit the mummy.
You destroy the mummy!
The mummy misses you.
You barely miss the mummy. The mummy barely misses you.
Something unseen opens the door.
A centaur zombie comes into view.
You hit the mummy.
The mummy is lightly damaged.
You hit the mummy.
The mummy is lightly damaged.
The mummy closely misses you.
You hit the mummy.
The mummy is moderately damaged.
You hit the mummy.
The mummy is moderately damaged.
The mummy hits you.
A mummy comes into view.
You completely miss the mummy.
The mummy is moderately damaged.
The mummy hits you!
* * * LOW HITPOINT WARNING * * *
You hit the mummy.
The mummy is heavily damaged.
You hit the mummy.
The mummy is severely damaged.
The mummy hits you!
You die...

### #.#
##'# '..
###Z#####
#.'Z#...#
###ZM@∩.#
#.'.#..∩#
###.#####
+.+ #.#
+.# #.'
'.# #.#


You could see a mummy, a water moccasin zombie and a killer bee zombie.

Vanquished Creatures
  An orc priest (D:2)
  2 mummies (Ossuary)
  3 adders
  8 orcs
  4 endoplasms
  A giant cockroach (D:1)
  5 goblins
  8 hobgoblins
  6 jackals
  2 kobolds (D:3)
  A quokka (D:1)
  A ball python (D:2)
  5 bats
  2 frilled lizards
  A jackal zombie (D:4)
  3 rats
53 creatures vanquished.

Vanquished Creatures (others)
  2 withered plants (Ossuary)
2 creatures vanquished.

Grand Total: 55 creatures vanquished

Notes
Turn   | Place    | Note
-------+----------+-------------------------------------------
     0 | D:1      | zishaf the Djinni Venom Mage began the quest for the Orb.
     0 | D:1      | zishaf set off with the following spells memorised: Sting,
                  | Poisonous Vapours, Mephitic Cloud, Olgreb's Toxic Radiance.
     0 | D:1      | Reached XP level 1. HP: 15/15 MP: 0/0
   129 | D:1      | Reached XP level 2. HP: 11/22 MP: 0/0
   245 | D:1      | Reached skill level 1 in Fighting
   618 | D:2      | Reached XP level 3. HP: 23/28 MP: 0/0
   618 | D:2      | Learned a level 1 spell: Kiss of Death
   672 | D:2      | Reached XP level 4. HP: 27/31 MP: 0/0
   931 | D:2      | Found a blossoming altar of Fedhas.
  1777 | D:3      | Found Paomiost's Armour Shoppe.
  1909 | D:3      | Reached XP level 5. HP: 37/39 MP: 0/0
  1909 | D:3      | Learned a level 2 spell: Blink
  2427 | D:4      | Identified a scroll of acquirement
  2427 | D:4      | Acquired an amulet of regeneration
  2484 | D:4      | Found a sand-covered staircase.
  2496 | Ossuary  | Entered an ossuary
  2553 | Ossuary  | Mangled by a mummy

Illustrated notes

Levels and vault maps discovered:
D:1:      minmay_arrival_stair_chambers, layout_rooms,
          chequers_serial_rivers_room_b
D:2:      layout_basic, basic_altar
D:3:      corexii_shack_village, layout_basic, serial_shops, shop, st_stairs_13,
          minmay_liquid_box
D:4:      layout_loops_ring, enter_ossuary_3, hex_large,
          minmay_misc_feat_ornament, uniq_natasha
Ossuary:  ossuary_zaba_flooded

Skill      XL: |  1  2  3  4  5 |
---------------+----------------+-----
Fighting       | 1 2 3 |  3.2
Spellcasting   | 3 |  3.6
Dodging        | |  2.1
Stealth        | |  1.5

Action                   |  1- 3 |  4- 6 || total
-------------------------+-------+-------++-------
Melee: Dagger            |       |    49 ||    49
 Cast: Sting             |    40 |    83 ||   123
       Kiss of Death     |     1 |       ||     1
       Poisonous Vapours |       |     3 ||     3
       Olgreb's Toxic Ra |       |     1 ||     1
  Use: Scroll            |       |     9 ||     9
       Potion            |       |     4 ||     4
Armor: Robe              |     9 |    19 ||    28
Dodge: Dodged            |    14 |    57 ||    71

Table legend: (Time is in decaauts)
 A = Elapsed time spent in this place.
 B = Non-inter-level travel time spent in this place.
 C = Inter-level travel time spent in this place.
 D = Time resting spent in this place.
 E = Time spent auto-exploring this place.
 F = Levels seen in this place.
 G = Mean time per level.
                   A        B        C        D        E       F      G
               +--------+--------+--------+--------+--------+-----+--------+
         Total |   2551 |   2477 |     74 |      0 |   2081 |   5 |  510.2 |
       Dungeon |   2494 |   2420 |     74 |      0 |   2077 |   4 |  623.5 |
       Ossuary |     56 |     56 |      0 |      0 |      4 |   1 |   56.0 |
               +--------+--------+--------+--------+--------+-----+--------+

Top non-repeatable levels by time:
     D:2: 959 daAuts
     D:3: 887 daAuts
     D:1: 564 daAuts
     D:4: 83 daAuts
 Ossuary: 56 daAuts
